 Dungeon Crawl Stone Soup version 0.31-a0-691-g409c26aa35 (webtiles) character file.

Game seed: 2672286843608250396

46 javelincjr the Trooper (level 3, -1/29 HPs)
             Began as a Demonspawn Fighter on Sept 6, 2023.
             Slain by Sigmund
             ... wielding a +0 scythe
              (6 damage)
             ... on level 2 of the Dungeon.
             The game lasted 00:02:39 (884 turns).

javelincjr the Trooper (Demonspawn Fighter)          Turns: 884, Time: 00:02:40

Health: -1/29      AC:  6    Str: 18    XL:     3   Next: 44%
Magic:  3/3        EV:  9    Int:  9    God:
Gold:   62         SH:  0    Dex: 12    Spells: 2/2 levels left

rFire   . . .        e - +1 hand axe (flame)
rCold   . . .        c - +0 buckler
rNeg    . . .        b - +0 scale mail
rPois   .            (helmet restricted)
rElec   .            (no cloak)
rCorr   .            (no gloves)
SInv    .            (no boots)
Will    .....        (no amulet) Stlth
                     (no ring)
HPRegen 0.24/turn    (no ring)
MPRegen 0.08/turn

%: no passive effects
@: confused
A: antennae 1
a: no special abilities


You were on level 2 of the Dungeon.
You visited 1 branch of the dungeon, and saw 2 of its levels.

You collected 62 gold pieces.

Inventory:

Hand Weapons
 a - a +0 trident
 e - a +1 hand axe of flaming (weapon)
Missiles
 f - a throwing net
Armour
 b - a +0 scale mail (worn)
 c - a +0 buckler (worn)
Scrolls
 g - a scroll of acquirement {unknown}
 h - a scroll of enchant weapon {unknown}
 j - a scroll of identify {unknown}
Potions
 d - a potion of might
 i - a potion of magic {unknown}
 k - a potion of berserk rage {unknown}


   Skills:
 * Level 3.5 Fighting
 + Level 0.3(1.3) Axes
 + Level 2.1(2.2) Polearms
 + Level 3.0 Armour
 + Level 0.8 Dodging
 + Level 3.0 Shields


You had 2 spell levels left.
You didn't know any spells.
Your spell library contained the following spells:

 Spells                   Type           Power      Damage    Failure   Level
 Summon Small Mammal      Summ           0%         N/A       85%         1
 Call Canine Familiar     Summ           0%         N/A       99%         3
 Summon Guardian Golem    Hex/Summ       0%         N/A       99%         3


Dungeon Overview and Level Annotations

Branches:
Dungeon (2/15)

Altars:

Annotations:
D:2 Sigmund


Innate Abilities, Weirdness & Mutations

You have a pair of small antennae on your head.


Message History

No target in view!
You see here a rat corpse.
Sigmund the Dreaded comes into view.
He is wielding a +0 scythe.
Sigmund shouts!
Sigmund looks at you with fury.
A giant cockroach comes into view.
Sigmund gestures at you while chanting. The magic dart hits you.
Sigmund casts a spell.
Sigmund flickers and vanishes!
Deactivating autopickup; reactivate with Ctrl-A.
You hear some strange, mumbled words.
You are confused.
You are too confused!
You are too confused!
You are too confused!
The giant cockroach bites you but does no damage.
Something hits you but does no damage.
The giant cockroach bites you but does no damage.
The giant cockroach attacks as it pursues you!
The giant cockroach bites you. Something hits you.
You hit the giant cockroach. You burn the giant cockroach.
You kill the giant cockroach!
You barely miss something. Something hits you.
You hit something. You burn something. Something hits you!
You barely miss something.
You feel less confused.
You hear some strange, mumbled words.
A magic dart appears from out of thin air!
The magic dart hits you!
* * * LOW HITPOINT WARNING * * *
You closely miss something. Something hits you but does no damage.
You miss something.
You hear some strange, mumbled words.
You are confused.
You barely miss something. Something hits you.
* * * LOW HITPOINT WARNING * * *
You barely miss something. Something hits you but does no damage.
Something hits you.
You die...

#..........##>.######
##....#######..#.....
#.......# #..#.##..
#.......# #..# #...
#.......# #..# #..#
#.......+ ....#
#.......# .....
#.......# ###..
#...@...# # #.......#
#..{....# #.......#
#.......# #########


There were no monsters in sight!

Vanquished Creatures
  3 adders (D:2)
  A dart slug (D:2)
  3 endoplasms
  2 giant cockroaches
  A goblin (D:1)
  A hobgoblin (D:1)
  A quokka (D:1)
  2 ball pythons (D:1)
  2 kobolds (D:1)
  2 rats
18 creatures vanquished.

Notes
Turn   | Place    | Note
-------+----------+-------------------------------------------
     0 | D:1      | javelincjr the Demonspawn Fighter began the quest for the
                  | Orb.
     0 | D:1      | Reached XP level 1. HP: 18/18 MP: 1/1
   245 | D:1      | Gained mutation: You have a pair of small antennae on your
                  | head. [demonic ancestry]
   245 | D:1      | Reached XP level 2. HP: 24/24 MP: 2/2
   679 | D:2      | Reached XP level 3. HP: 21/29 MP: 3/3
   869 | D:2      | Noticed Sigmund
   884 | D:2      | Slain by Sigmund

Illustrated notes

Levels and vault maps discovered:
D:1:      minmay_arrival_arboretum_large, layout_basic
D:2:      layout_basic, basic_altar, uniq_sigmund, uniq_crazy_yiuf_cottage

Skill      XL: |  1  2  3 |
---------------+----------+-----
Polearms       | 2 |  2.1
Armour         | 3 |  3.0
Shields        | 3 |  3.0
Fighting       | |  3.5
Axes           | |  0.3
Dodging        | |  0.8

Action                     || total
---------------------------++-------
  Melee: Trident           ||    14
         Hand axe          ||    50
 Armour: Scale mail        ||    55
  Dodge: Dodged            ||    20
  Block: Buckler           ||    15

Table legend: (Time is in decaauts)
 A = Elapsed time spent in this place.
 B = Non-inter-level travel time spent in this place.
 C = Inter-level travel time spent in this place.
 D = Time resting spent in this place.
 E = Time spent auto-exploring this place.
 F = Levels seen in this place.
 G = Mean time per level.
                   A        B        C        D        E       F      G
               +--------+--------+--------+--------+--------+-----+--------+
         Total |    901 |    884 |     17 |      0 |    728 |   2 |  450.5 |
       Dungeon |    901 |    884 |     17 |      0 |    728 |   2 |  450.5 |
               +--------+--------+--------+--------+--------+-----+--------+

Top non-repeatable levels by time:
     D:1: 588 daAuts
     D:2: 312 daAuts
